TOP OF THE 1ST |
Clinton LumberKings batting - Pitching for West Michigan Whitecaps : LHP Edwin Pacheco
|
Pitching: LHP Edwin Pacheco
|
|
Batting: RHB Josh Mauer
|
0-0: Called Strike 0-1: Swinging Strike 0-2: Ground out 1-3 (Groundball, P, EV 67.5 MPH)
|
Batting: SHB Raghnall Ahearne
|
0-0: Swinging Strike 0-1: Foul Ball, location: 2F 0-2: Ball 1-2: Ball 2-2: Ball 3-2: SOLO HOME RUN (Flyball, 7D, EV 97.5 MPH), Distance : 363 ft
|
Batting: RHB John Peterson
|
0-0: Ball 1-0: Ball 2-0: Swinging Strike 2-1: Ball 3-1: Called Strike 3-2: Reached on error, E5 (Groundball, 56, EV 98.1 MPH)
|
Batting: RHB Josh Ruhl
|
0-0: Called Strike 0-1: Fly out, F9 (Flyball, 9LM, EV 97.5 MPH) Runner from 2nd tags up, SAFE at 3rd, no throw by RF
|
Batting: RHB Justin Colella
|
0-0: Ball 1-0: DOUBLE (Line Drive, 7LM, EV 113.1 MPH) John Peterson scores
|
Batting: SHB Tony Morales
|
0-0: Ball 1-0: SINGLE (Groundball, 6MD, EV 96.3 MPH) Justin Colella to third
|
Batting: LHB Omar Colunga
|
0-0: Called Strike Tony Morales steals 2nd base (no throw) 0-1: Ground out 6-3 (Groundball, 6, EV 100.6 MPH)
|
Top of the 1st over - 2 runs, 3 hits, 1 error, 2 left on base; Clinton 2 - West Michigan 0 |
BOTTOM OF THE 1ST |
West Michigan Whitecaps batting - Pitching for Clinton LumberKings : RHP Jose Rios
|
Pitching: RHP Jose Rios
|
|
Batting: RHB John Welch
|
0-0: Ball 1-0: Called Strike 1-1: Swinging Strike 1-2: Ball 2-2: Foul Ball, location: 2F 2-2: Foul Ball, location: 2F 2-2: Fly out, F7 (Line Drive, 7D, EV 98.1 MPH)
|
Batting: RHB Aaron Cusick
|
0-0: Called Strike 0-1: Foul Ball, location: 2F 0-2: Ball 1-2: Ball 2-2: Ball 3-2: Strikes out looking
|
Batting: RHB Bill Cabrera
|
0-0: Swinging Strike 0-1: Swinging Strike 0-2: Strikes out swinging
|
Bottom of the 1st over - 0 runs, 0 hits, 0 errors, 0 left on base; Clinton 2 - West Michigan 0 |
TOP OF THE 2ND |
Clinton LumberKings batting - Pitching for West Michigan Whitecaps : LHP Edwin Pacheco
|
Batting: SHB Ryan Clark
|
0-0: Called Strike 0-1: Ball 1-1: Ball 2-1: Foul Ball, location: 2F 2-2: Strikes out swinging
|
Batting: RHB Omar Solis
|
0-0: Ball 1-0: Swinging Strike 1-1: Swinging Strike 1-2: Ball 2-2: Ball 3-2: Foul Ball, location: 2F 3-2: Foul Ball, location: 2F 3-2: Strikes out swinging
|
Batting: RHB Josh Mauer
|
0-0: Swinging Strike 0-1: Swinging Strike 0-2: Foul Ball, location: 2F 0-2: Ground out 6-3 (Groundball, 6, EV 91.3 MPH)
|
Top of the 2nd over - 0 runs, 0 hits, 0 errors, 0 left on base; Clinton 2 - West Michigan 0 |
BOTTOM OF THE 2ND |
West Michigan Whitecaps batting - Pitching for Clinton LumberKings : RHP Jose Rios
|
Batting: RHB Jon Pierce
|
0-0: Ball 1-0: Ball 2-0: Fly out, F7 (Flyball, 7LS, EV 90.6 MPH)
|
Batting: RHB Jordan Hall
|
0-0: Ball 1-0: Foul Ball, location: 2F 1-1: Hit by Pitch
|
Batting: RHB Sergio Valbuena
|
0-0: Foul Ball, location: 2F 0-1: Foul Ball, location: 2F 0-2: Ball 1-2: Foul Ball, location: 2F 1-2: Fly out, F8 (Flyball, 8RD, EV 105.6 MPH)
|
Batting: RHB Mike Patterson
|
0-0: Called Strike 0-1: DOUBLE (Flyball, 78XD, EV 108.1 MPH) Jordan Hall to third Runner from 3rd tries for Home, SAFE, throw by CF to home
|
Batting: RHB Rocky Hart
|
0-0: Ground out 6-3 (Groundball, 6, EV 87.5 MPH)
|
Bottom of the 2nd over - 1 run, 1 hit, 0 errors, 1 left on base; Clinton 2 - West Michigan 1 |
TOP OF THE 3RD |
Clinton LumberKings batting - Pitching for West Michigan Whitecaps : LHP Edwin Pacheco
|
Batting: SHB Raghnall Ahearne
|
0-0: Reached on error, E4 (Groundball, 4, EV 85.6 MPH)
|
Batting: RHB John Peterson
|
0-0: Swinging Strike 0-1: Foul Ball, location: 2F 0-2: Strikes out swinging
|
Batting: RHB Josh Ruhl
|
0-0: Foul Ball, location: 2F 0-1: Ball 1-1: Called Strike Raghnall Ahearne steals 2nd base (no throw) 1-2: Ball 2-2: SINGLE (Groundball, 4MD, EV 107.5 MPH) Raghnall Ahearne to third Runner from 3rd tries for Home, SAFE, throw by CF to home Josh Ruhl to second
|
Batting: RHB Justin Colella
|
0-0: Called Strike 0-1: Ball 1-1: Called Strike 1-2: Ball 2-2: Ball 3-2: Strikes out swinging
|
Batting: SHB Tony Morales
|
0-0: Ball 1-0: Ball 2-0: Called Strike 2-1: Foul Ball, location: 2F 2-2: Ball 3-2: Base on Balls
|
Batting: LHB Omar Colunga
|
0-0: Called Strike 0-1: Ball 1-1: SINGLE (Groundball, 56D, EV 108.8 MPH) Josh Ruhl to third Tony Morales to second Runner from 3rd tries for Home, SAFE, throw by LF to home
|
Batting: SHB Ryan Clark
|
0-0: Ball 1-0: Called Strike 1-1: Foul Ball, location: 2F 1-2: Foul Ball, location: 2F 1-2: Foul Ball, location: 2F 1-2: Foul Ball, location: 2F 1-2: Fly out, F7 (Flyball, 7, EV 83.1 MPH)
|
Top of the 3rd over - 2 runs, 2 hits, 1 error, 2 left on base; Clinton 4 - West Michigan 1 |
BOTTOM OF THE 3RD |
West Michigan Whitecaps batting - Pitching for Clinton LumberKings : RHP Jose Rios
|
Batting: RHB Jamie Bass
|
0-0: Ground out 1-3 (Groundball, 13S, EV 67.5 MPH)
|
Batting: RHB John Welch
|
0-0: Foul Ball, location: 2F 0-1: Ball 1-1: Ground out 5-3 (Groundball, 56S, EV 80.6 MPH)
|
Batting: RHB Aaron Cusick
|
0-0: Hit by Pitch
|
Batting: RHB Bill Cabrera
|
0-0: Called Strike Aaron Cusick is caught stealing 2nd base 2-4
|
Bottom of the 3rd over - 0 runs, 0 hits, 0 errors, 0 left on base; Clinton 4 - West Michigan 1 |
TOP OF THE 4TH |
Clinton LumberKings batting - Pitching for West Michigan Whitecaps : LHP Edwin Pacheco
|
Batting: RHB Omar Solis
|
0-0: Ball 1-0: Ball 2-0: Foul Ball, location: 2F 2-1: Swinging Strike 2-2: Strikes out swinging
|
Batting: RHB Josh Mauer
|
0-0: Swinging Strike 0-1: Foul Ball, location: 2F 0-2: SINGLE (Groundball, 34D, EV 106.9 MPH)
|
Batting: SHB Raghnall Ahearne
|
0-0: Called Strike 0-1: Called Strike 0-2: Foul Ball, location: 2F 0-2: Ball 1-2: Foul Ball, location: 2F 1-2: Ball 2-2: Foul Ball, location: 2F 2-2: Fly out, F8 (Flyball, 8RD, EV 93.1 MPH)
|
Batting: RHB John Peterson
|
0-0: Fielders Choice at 2nd, 6-4 (Groundball, 56, EV 83.1 MPH)
|
Top of the 4th over - 0 runs, 1 hit, 0 errors, 1 left on base; Clinton 4 - West Michigan 1 |
BOTTOM OF THE 4TH |
West Michigan Whitecaps batting - Pitching for Clinton LumberKings : RHP Jose Rios
|
Batting: RHB Bill Cabrera
|
0-0: Ball 1-0: Foul Ball, location: 2F 1-1: Ball 2-1: Ball 3-1: Foul Ball, location: 2F 3-2: Ground out 4-3 (Groundball, 4M, EV 86.9 MPH)
|
Batting: RHB Jon Pierce
|
0-0: Foul Ball, location: 2F 0-1: Ball 1-1: Called Strike 1-2: Foul Ball, location: 2F 1-2: Foul Ball, location: 2F 1-2: Ball 2-2: Ball 3-2: SINGLE (Groundball, 56D, EV 110.6 MPH)
|
Batting: RHB Jordan Hall
|
0-0: Ball 1-0: Ball 2-0: Swinging Strike 2-1: Swinging Strike 2-2: Fly out, F9 (Flyball, 89D, EV 104.4 MPH)
|
Batting: RHB Sergio Valbuena
|
0-0: Ball 1-0: Swinging Strike 1-1: Ball 2-1: Called Strike 2-2: Ball 3-2: Strikes out swinging
|
Bottom of the 4th over - 0 runs, 1 hit, 0 errors, 1 left on base; Clinton 4 - West Michigan 1 |
TOP OF THE 5TH |
Clinton LumberKings batting - Pitching for West Michigan Whitecaps : LHP Edwin Pacheco
|
Batting: RHB Josh Ruhl
|
0-0: Swinging Strike 0-1: Ground out 5-3 (Groundball, 56S, EV 66.9 MPH)
|
Batting: RHB Justin Colella
|
0-0: Ball 1-0: Foul Ball, location: 2F 1-1: Foul Ball, location: 2F 1-2: SINGLE (Groundball, 56D, EV 100.0 MPH)
|
Batting: SHB Tony Morales
|
0-0: Foul Ball, location: 2F 0-1: Ball 1-1: Called Strike 1-2: Ball 2-2: Fielders Choice at 2nd, 6-4 (Groundball, 6, EV 103.8 MPH)
|
Pitching: RHP Vic Flores
|
|
Batting: LHB Omar Colunga
|
0-0: Ball Tony Morales steals 2nd base 1-0: Foul Ball, location: 2F 1-1: Ball 2-1: Swinging Strike 2-2: Ball 3-2: Foul Ball, location: 2F 3-2: Strikes out swinging
|
Top of the 5th over - 0 runs, 1 hit, 0 errors, 1 left on base; Clinton 4 - West Michigan 1 |
BOTTOM OF THE 5TH |
West Michigan Whitecaps batting - Pitching for Clinton LumberKings : RHP Jose Rios
|
Batting: RHB Mike Patterson
|
0-0: Ball 1-0: Swinging Strike 1-1: Foul Ball, location: 2F 1-2: Ball 2-2: Strikes out swinging
|
Batting: RHB Rocky Hart
|
0-0: Called Strike 0-1: Foul Ball, location: 2F 0-2: Foul Ball, location: 2F 0-2: Fly out, F4 (Line Drive, 4, EV 65.0 MPH)
|
Batting: RHB Jamie Bass
|
0-0: Ball 1-0: Ball 2-0: Called Strike 2-1: SINGLE (Groundball, 6MD, EV 103.8 MPH)
|
Batting: RHB John Welch
|
0-0: Ball 1-0: Called Strike 1-1: Ground out 5-3 (Groundball, 5S, EV 83.1 MPH)
|
Bottom of the 5th over - 0 runs, 1 hit, 0 errors, 1 left on base; Clinton 4 - West Michigan 1 |
TOP OF THE 6TH |
Clinton LumberKings batting - Pitching for West Michigan Whitecaps : RHP Vic Flores
|
Batting: SHB Ryan Clark
|
0-0: Called Strike 0-1: Ball 1-1: Swinging Strike 1-2: Ground out 4-3 (Groundball, 4, EV 93.8 MPH)
|
Batting: RHB Omar Solis
|
0-0: Ball 1-0: Called Strike 1-1: Foul Ball, location: 2F 1-2: Foul Ball, location: 2F 1-2: Strikes out swinging
|
Batting: RHB Josh Mauer
|
0-0: Swinging Strike 0-1: Called Strike 0-2: Ball 1-2: Fly out, F9 (Line Drive, 9, EV 105.0 MPH)
|
Top of the 6th over - 0 runs, 0 hits, 0 errors, 0 left on base; Clinton 4 - West Michigan 1 |
BOTTOM OF THE 6TH |
West Michigan Whitecaps batting - Pitching for Clinton LumberKings : RHP Jose Rios
|
Batting: RHB Aaron Cusick
|
0-0: Ball 1-0: Called Strike 1-1: Swinging Strike 1-2: Ground out 6-3 (Groundball, 56, EV 95.6 MPH)
|
Pitching: RHP Jace Daniels
|
|
Batting: RHB Bill Cabrera
|
0-0: Called Strike 0-1: DOUBLE (Line Drive, 89D, EV 108.8 MPH)
|
Batting: RHB Jon Pierce
|
0-0: Called Strike 0-1: Ball 1-1: Foul Ball, location: 2F 1-2: Ball 2-2: Strikes out swinging
|
Batting: RHB Jordan Hall
|
0-0: Ball 1-0: Ball 2-0: Called Strike 2-1: Ball 3-1: Base on Balls
|
Batting: RHB Sergio Valbuena
|
0-0: Ball 1-0: Swinging Strike 1-1: Swinging Strike 1-2: Ball 2-2: Ball Wild Pitch! Bill Cabrera to third Jordan Hall to second 3-2: Strikes out swinging
|
Bottom of the 6th over - 0 runs, 1 hit, 0 errors, 2 left on base; Clinton 4 - West Michigan 1 |
TOP OF THE 7TH |
Clinton LumberKings batting - Pitching for West Michigan Whitecaps : RHP Vic Flores
|
Pitching: RHP Nate Mull
|
|
Batting: SHB Raghnall Ahearne
|
0-0: Ball 1-0: Ball 2-0: Ball 3-0: Called Strike 3-1: Ground out 4-3 (Groundball, 4, EV 87.5 MPH)
|
Batting: RHB John Peterson
|
0-0: Called Strike 0-1: Swinging Strike 0-2: Ball 1-2: Ball 2-2: Strikes out swinging
|
Batting: RHB Josh Ruhl
|
0-0: Called Strike 0-1: Called Strike 0-2: Ball 1-2: Strikes out swinging
|
Top of the 7th over - 0 runs, 0 hits, 0 errors, 0 left on base; Clinton 4 - West Michigan 1 |
BOTTOM OF THE 7TH |
West Michigan Whitecaps batting - Pitching for Clinton LumberKings : RHP Jace Daniels
|
Pitching: RHP Rob Henry
|
|
Batting: RHB Mike Patterson
|
0-0: Ball 1-0: Swinging Strike 1-1: Swinging Strike 1-2: Ball 2-2: Strikes out swinging
|
Batting: RHB Rocky Hart
|
0-0: Ball 1-0: Foul Ball, location: 2F 1-1: Swinging Strike 1-2: Foul Ball, location: 2F 1-2: Strikes out swinging
|
Batting: RHB Jamie Bass
|
0-0: Ball 1-0: Foul Ball, location: 2F 1-1: Called Strike 1-2: Foul Ball, location: 2F 1-2: Foul Ball, location: 2F 1-2: Foul Ball, location: 2F 1-2: Strikes out swinging
|
Bottom of the 7th over - 0 runs, 0 hits, 0 errors, 0 left on base; Clinton 4 - West Michigan 1 |
TOP OF THE 8TH |
Clinton LumberKings batting - Pitching for West Michigan Whitecaps : RHP Nate Mull
|
Pitching: LHP Eddie Saucedo
|
|
Batting: RHB Justin Colella
|
0-0: Called Strike 0-1: Foul Ball, location: 2F 0-2: Strikes out swinging
|
Batting: SHB Tony Morales
|
0-0: Ball 1-0: Ball 2-0: Called Strike 2-1: Called Strike 2-2: Strikes out looking
|
Batting: LHB Omar Colunga
|
0-0: Swinging Strike 0-1: Swinging Strike 0-2: Strikes out swinging
|
Top of the 8th over - 0 runs, 0 hits, 0 errors, 0 left on base; Clinton 4 - West Michigan 1 |
BOTTOM OF THE 8TH |
West Michigan Whitecaps batting - Pitching for Clinton LumberKings : RHP Rob Henry
|
Pitching: RHP Willie Sanchez
|
|
Batting: RHB John Welch
|
0-0: Ball 1-0: Ground out 1-3 (Groundball, 15, EV 76.9 MPH)
|
Batting: RHB Aaron Cusick
|
0-0: Called Strike 0-1: Called Strike 0-2: Foul Ball, location: 2F 0-2: Foul Ball, location: 2F 0-2: Foul Ball, location: 2F 0-2: Ground out 6-3 (Groundball, 6, EV 80.6 MPH)
|
Batting: RHB Bill Cabrera
|
0-0: Called Strike 0-1: Fly out, F9 (Flyball, 9LS, EV 78.1 MPH)
|
Bottom of the 8th over - 0 runs, 0 hits, 0 errors, 0 left on base; Clinton 4 - West Michigan 1 |
TOP OF THE 9TH |
Clinton LumberKings batting - Pitching for West Michigan Whitecaps : LHP Eddie Saucedo
|
Batting: SHB Ryan Clark
|
0-0: Called Strike 0-1: Ball 1-1: Ball 2-1: Ball 3-1: Called Strike 3-2: Strikes out swinging
|
Batting: RHB Omar Solis
|
0-0: Ball 1-0: Ball 2-0: Ball 3-0: Base on Balls
|
Pitching: RHP Cory Weinert
|
|
Batting: RHB Josh Mauer
|
0-0: Ball 1-0: Fielders Choice at 2nd, 6-4 (Groundball, 6, EV 79.4 MPH)
|
Batting: SHB Raghnall Ahearne
|
0-0: Ball 1-0: Foul Ball, location: 2F 1-1: Called Strike Josh Mauer steals 2nd base 1-2: Fly out, F8 (Flyball, 78D, EV 92.5 MPH)
|
Top of the 9th over - 0 runs, 0 hits, 0 errors, 1 left on base; Clinton 4 - West Michigan 1 |
BOTTOM OF THE 9TH |
West Michigan Whitecaps batting - Pitching for Clinton LumberKings : RHP Willie Sanchez
|
Batting: RHB Jon Pierce
|
0-0: Ball 1-0: Ball 2-0: Called Strike 2-1: Ball 3-1: Base on Balls
|
Batting: RHB Jordan Hall
|
0-0: Foul Ball, location: 2F 0-1: Ball 1-1: Ball 2-1: Swinging Strike 2-2: Grounds into double play, 6-4-3 (Groundball, 6, EV 85.0 MPH)
|
Batting: RHB Sergio Valbuena
|
0-0: Fly out, F8 (Flyball, 8LS, EV 80.0 MPH)
|
Bottom of the 9th over - 0 runs, 0 hits, 0 errors, 0 left on base; Clinton 4 - West Michigan 1 |
|